 Dungeon Crawl Stone Soup version 0.29-a0-477-g62b78b4225 (webtiles) character file.

Game seed: 17329492328294857110

84 ders the Magician (level 4, -1/31 HPs)
             Began as a Djinni Conjurer on May 24, 2022.
             Slain by a kobold brigand
             ... wielding a +2 whip of venom
              (3 damage)
             ... on level 3 of the Dungeon.
             The game lasted 00:02:43 (3121 turns).

ders the Magician (Djinni Conjurer)                 Turns: 3121, Time: 00:02:43

Health: -1/31      AC:  4    Str:  6    XL:     4   Next: 74%
Gold:   147        EV: 12    Int: 22    God:
                   SH:  0    Dex: 11

rFire   + + +      SeeInvis .   (no weapon)
rCold   . . .      Faith    .   (no shield)
rNeg    . . .      Spirit   .   a - +0 robe
rPois   ∞          Reflect  .   (no helmet)
rElec   +          Harm     .   (no cloak)
rCorr   +          Rampage  .   b - +1 pair of gloves
Will    .....                   (boots unavailable)
Stlth   ++........              (no amulet)
HPRegen 0.10/turn               (no ring)
MPRegen 0.00/turn               (no ring)

@: resistant, flying, very slightly contaminated
A: sickness immunity, fire resistance 2, cold vulnerability 1, float, innate
caster, HP casting, extra vitality 1
a: no special abilities


You were on level 3 of the Dungeon.
You visited 1 branch of the dungeon, and saw 3 of its levels.

You collected 147 gold pieces.

Inventory:

Armour
 a - a +0 robe (worn)
 b - a +1 pair of gloves (worn)
Scrolls
 c - a scroll of magic mapping {unknown}
 d - a scroll of teleportation {unknown}
 f - a scroll of poison {unknown}
 g - a scroll of blinking {unknown}
 i - a scroll of identify {unknown}
 k - 2 scrolls of fear {unknown}
Potions
 e - a potion of resistance
 h - a potion of curing {unknown}
 j - 3 potions of might


   Skills:
 - Level 2.1 Dodging
 - Level 1.5 Stealth
 + Level 4.6 Spellcasting


You couldn't memorise any spells.
You knew the following spells:

 Your Spells              Type           Power      Damage    Failure   Level
a - Magic Dart            Conj           100%       1d8       1%          1
b - Searing Ray           Conj           50%        2d6       2%          2
c - Dazzling Flash        Conj/Hex       50%        N/A       4%          3
d - Fulminant Prism       Conj/Hex       12%        3d9       16%         4
e - Iskenderun's Mystic   Conj/Tloc      25%        2d7       16%         4
f - Necrotize             Necr           100%       1d9       1%          1
Your spell library was empty.

Dungeon Overview and Level Annotations

Branches:
Dungeon (3/15)

Altars:

Annotations:
D:3 pigah's ghost, weakling OpAE


Innate Abilities, Weirdness & Mutations

You are immune to sickness and miasma.
You are immune to poison.
Your flesh is very heat resistant. (rF++)
You are vulnerable to cold. (rC-)
You float through the air rather than walking.
You learn spells naturally, not from books.
Your magical power is your life essence.
You have superior vitality. (+4 MHP)


Message History

Confirm with . or Enter, or press ? or * to list all spells.
You miscast Iskenderun's Mystic Blast.
You are very lightly contaminated with residual magic.
The air around you crackles with energy.
You are magically locked in place.
You are no longer locked in place.
The kobold closely misses you.
The kobold brigand hits you with a +2 whip of venom!
The kobold zaps a wand.
You resist with some effort.
Casting: Iskenderun's Mystic Blast (extremely dangerous; 16% risk of failure)
Confirm with . or Enter, or press ? or * to list all spells.
You erupt in a blast of force!
The mystic blast hits the kobold!
You kill the kobold!
The mystic blast hits the kobold!
You kill the kobold!
The mystic blast hits the kobold!
You kill the kobold!
The mystic blast hits the kobold brigand.
The kobold brigand is lightly wounded.
The kobold brigand is knocked back by the mystic blast.
The kobold brigand slams into the translucent stone wall!
The kobold brigand is lightly wounded.
The mystic blast hits the kobold!
You kill the kobold!
The mystic blast hits the kobold.
You kill the kobold!
* * * LOW HITPOINT WARNING * * *
Casting: Iskenderun's Mystic Blast (extremely dangerous; 16% risk of failure)
Confirm with . or Enter, or press ? or * to list all spells.
Aiming: Fulminant Prism (extremely dangerous; 16% risk of failure)
Press: ? - help, Dir - move target, f - kobold brigand
Aim: a kobold brigand, wielding a +2 whip of venom and quivering poisoned darts (lightly wounded)
Okay, then.
It was a potion of resistance.
You feel protected.
The kobold brigand hits you with a +2 whip of venom!
* * * LOW HITPOINT WARNING * * *
The kobold brigand attacks as you move away!
The kobold brigand hits you with a +2 whip of venom.
You die...

#...[..).)########
#.####............
#.# #.##.########
#.# #.##.# #### #.#
#.##.######..#####
#.#
#.##........##.⌠.#
#.#
#.#####...#.#.#.#
#.#
#.).......K.'.$#...
#<#
#.###....@KKK.....[
###.#
#......W))..#..$
....#
#......)..#.#.#
#####
...........##.⌠.# #
#.###........#####
#######.#
##.......# ........
#.......# #######.
#.#..#..# ........


You could see a kobold brigand, pigah's ghost (swift) and 3 kobolds.

Vanquished Creatures
  2 adders (D:2)
  A worm (D:2)
  3 orcs (D:3)
  7 endoplasms
  3 giant cockroaches
  12 goblins
  4 hobgoblins
  2 jackals (D:1)
  4 ball pythons
  A bat (D:2)
  8 kobolds
  8 rats
55 creatures vanquished.

Notes
Turn   | Place    | Note
-------+----------+-------------------------------------------
     0 | D:1      | ders the Djinni Conjurer began the quest for the Orb.
     0 | D:1      | Reached XP level 1. HP: 15/15 MP: 0/0
   338 | D:1      | Reached XP level 2. HP: 18/21 MP: 0/0
   702 | D:1      | Reached XP level 3. HP: 20/25 MP: 0/0
   702 | D:1      | Learned a level 1 spell: Necrotize
  1159 | D:2      | Reached skill level 4 in Spellcasting
  1838 | D:2      | Reached XP level 4. HP: 25/31 MP: 0/0
  3101 | D:3      | Found a runed translucent gate.
  3101 | D:3      | Found a runed translucent gate.
  3101 | D:3      | Found a runed translucent gate.
  3102 | D:3      | Noticed a kobold brigand
  3103 | D:3      | Noticed pigah's ghost (weakling OpAE)
  3121 | D:3      | Slain by a kobold brigand

Illustrated notes

Levels and vault maps discovered:
D:1:      dpeg_arrival_snail, layout_loops_ring, due_unseen_surprise
D:2:      minmay_skewed_foursquare, layout_loops_cross
D:3:      minmay_door_path, layout_loops_ring, gammafunk_ghost_nasty_kobolds,
          uniq_robin

Skill      XL: |  1  2  3 |
---------------+----------+-----
Spellcasting   | 4 |  4.6
Dodging        | |  2.1
Stealth        | |  1.5

Action                   |  1- 3 |  4- 6 || total
-------------------------+-------+-------++-------
 Cast: Magic Dart        |    67 |    36 ||   103
       Searing Ray       |     2 |       ||     2
       Iskenderun's Myst |       |     1 ||     1
  Use: Potion            |       |     1 ||     1
Armor: Robe              |     1 |     1 ||     2
Dodge: Dodged            |     4 |     1 ||     5

Table legend: (Time is in decaauts)
 A = Elapsed time spent in this place.
 B = Non-inter-level travel time spent in this place.
 C = Inter-level travel time spent in this place.
 D = Time resting spent in this place.
 E = Time spent auto-exploring this place.
 F = Levels seen in this place.
 G = Mean time per level.
                   A        B        C        D        E       F      G
               +--------+--------+--------+--------+--------+-----+--------+
         Total |   3120 |   3012 |    108 |    529 |   2214 |   3 | 1040.0 |
       Dungeon |   3120 |   3012 |    108 |    529 |   2214 |   3 | 1040.0 |
               +--------+--------+--------+--------+--------+-----+--------+

Top non-repeatable levels by time:
     D:2: 1410 daAuts
     D:1: 1155 daAuts
     D:3: 554 daAuts
